 Dungeon Crawl Stone Soup version 0.30.1-3-gfc49f6343a (webtiles) character file.

Game seed: 12443808678432956632

15427 Peloso the Carver (level 12, 0/110 HPs)
             Began as a Minotaur Fighter on July 29, 2023.
             Was an Elder of Okawaru.
             Slain by a kobold brigand
             ... wielding a +3 dagger
              (4 damage)
             ... on level 10 of the Dungeon.
             The game lasted 00:18:46 (10205 turns).

Peloso the Carver (Minotaur Fighter)               Turns: 10205, Time: 00:18:47

Health: 0/110      AC: 23    Str: 24    XL:     12   Next: 1%
Magic:  8/11       EV: 10    Int:  5    God:    Okawaru [****..]
Gold:   598        SH:  7    Dex: 12    Spells: 11/11 levels left

rFire   . . .        a - +1 long sword
rCold   . . .        d - +0 buckler
rNeg    . . .        C - +0 plate armour
rPois   .            (helmet restricted)
rElec   .            (no cloak)
rCorr   .            (no gloves)
SInv    .            e - +4 pair of boots of the Guilds {Regen+}
Will    .....        (no amulet) Stlth
                     k - ring of flight
HPRegen 1.18/turn    (no ring)
MPRegen 0.12/turn

%: no passive effects
@: lethally poisoned (0 -> 0), heroic, flying
A: horns 2, retaliatory headbutt
a: Renounce Religion, Heroism, Finesse


You were on level 10 of the Dungeon.
You worshipped Okawaru.
Okawaru was greatly pleased with you.
You visited 2 branches of the dungeon, and saw 11 of its levels.

You collected 598 gold pieces.

Inventory:

Hand Weapons
 a - a +1 long sword (weapon)
Missiles
 D - 5 throwing nets (quivered)
Armour
 b - a +1 scale mail
 c - a +0 chain mail
 d - a +0 buckler (worn)
 e - the +4 pair of boots of the Guilds (worn) {Regen+}
   (You acquired it on level 2 of the Dungeon)

   Regen:     It increases your rate of health regeneration.
 C - a +0 plate armour (worn)
Jewellery
 j - a ring of wizardry
 k - a ring of flight (left hand)
 v - an amulet of magic regeneration
 x - a ring of see invisible
 y - the ring "Aneeloup" {EV+5 Int+2}
   (You found it on level 5 of the Dungeon)

   [ring of evasion]

   EV:        It affects your evasion (+5).
   Int:       It affects your intelligence (+2).
 B - a ring of resist corrosion
Wands
 m - a wand of paralysis (4)
 w - a wand of quicksilver (4)
 G - a wand of mindburst (50)
 H - a wand of roots (14)
Scrolls
 h - a scroll of teleportation
 i - 2 scrolls of magic mapping
 n - 3 scrolls of fear
 t - a scroll of fog {unknown}
 u - a scroll of enchant armour
 A - 2 scrolls of amnesia {unknown}
 F - a scroll of torment {unknown}
 I - 2 scrolls of identify
 K - 2 scrolls of vulnerability {unknown}
Potions
 f - a potion of brilliance
 g - 3 potions of might
 l - 3 potions of berserk rage
 o - a potion of haste
 p - a potion of invisibility {unknown}
 q - 2 potions of lignification {unknown}
 r - 2 potions of resistance {unknown}
 s - 2 potions of cancellation {unknown}
 z - a potion of magic {unknown}
 E - 4 potions of flight {unknown}
 J - a potion of heal wounds {unknown}
 L - 2 potions of ambrosia {unknown}


   Skills:
 + Level 11.2(16.2) Fighting
 + Level 14.4(19.4) Long Blades
 + Level 12.5(17.5) Armour
 + Level 3.3(8.3) Dodging
 + Level 1.1(6.1) Stealth
 + Level 8.9(13.9) Shields
 + Level 1.2 Invocations
 + Level 0.5 Evocations


You had 11 spell levels left.
You didn't know any spells.
Your spell library contained the following spells:

 Spells                   Type           Power      Damage    Failure   Level
 Magic Dart               Conj           0%         1d3       98%         1
 Lesser Beckoning         Tloc           0%         N/A       99%         2
 Gell's Gravitas          Tloc           0%         N/A       100%        3
 Mephitic Cloud           Conj/Pois/Air  0%         N/A       100%        3
 Teleport Other           Tloc           0%         N/A       100%        3
 Call Imp                 Summ           Unusable   N/A       N/A         2

Dungeon Overview and Level Annotations

Branches:
Dungeon (10/15)            Temple (1/1) D:6            Lair (0/5) D:8
    Orc (0/2) D:10

Altars:
Ashenzari
Cheibriados
Dithmenos
Elyvilon
Fedhas
Gozag
Hepliaklqana
Kikubaaqudgha
Makhleb
Nemelex Xobeh
Okawaru
Qazlal
Ru
Sif Muna
Trog
Uskayaw
Vehumet
Yredelemnul
Zin
The Shining One

Shops:
D:9 *

Annotations:
D:3 1 runed translucent door, Destapler's ghost, amateur GnWn


Innate Abilities, Weirdness & Mutations

You have a pair of horns on your head.
You reflexively headbutt those who attack you in melee.


Message History

You kill the troll!
Okawaru accepts your kill.
The troll leather armour is intact enough to wear.
You feel very sick.
The gnoll sergeant hits you but does no damage.
You are more poisoned.
You have reached level 12!
You feel stronger.
You feel more confident with your borrowed prowess.
You feel very sick.
The gnoll sergeant hits you from afar with a +1 spear of venom!
* * * LOW HITPOINT WARNING * * *
You are more poisoned.
You feel very sick.
Okay, then.
As you read the scroll of teleportation, it crumbles to dust.
You feel strangely unstable.
You feel very sick. You block the gnoll sergeant's attack.
You feel very sick.
Your surroundings suddenly seem different.
You feel sick.
A kobold brigand comes into view.
It is wielding a +3 dagger and quivering curare-tipped darts.
Okay, then.
You feel very sick.
The kobold brigand shouts!
The kobold brigand hits you with a +3 dagger.
* * * LOW HITPOINT WARNING * * *
You slash the kobold brigand!
The kobold brigand is heavily wounded.
You feel sick.
The kobold brigand hits you but does no damage.
You hit the kobold brigand but do no damage.
The kobold brigand is heavily wounded.
You feel sick.
You slash the kobold brigand!
The kobold brigand is almost dead.
You feel sick.
The kobold brigand hits you with a +3 dagger.
You die...

#############
###...........#
#.....K.....#
#.#.#.#@#.#.#.#
...............
.#.#.#.#.#.#.#.
..... .....
###### ##...#
.##.. # +## # #
.#..## #.#..##
##.##..#


You could see a kobold brigand.

Vanquished Creatures
  Harold (D:9)
  A boulder beetle (D:10)
  3 centaur warriors
  A two-headed ogre (D:8)
  An ugly thing (D:8)
  A manticore (D:8)
  A cyclops (D:8)
  2 gargoyles
  An unseen horror (D:10)
  A yaktaur (D:10)
  A komodo dragon (D:8)
  A yaktaur (shapeshifter) (D:10)
  2 trolls (D:10)
  2 hornets
  4 slime creatures (D:10)
  Eustachio (D:6)
  8 yaks
  4 wyverns
  2 basilisks (D:8)
  A steam dragon (D:8)
  2 vampire mosquitoes (D:10)
  A water moccasin (D:5)
  3 acid dragons
  2 sky beasts
  A swamp drake (D:8)
  A black bear (D:6)
  4 ice beasts
  3 orc warriors
  An ogre (D:4)
  2 centaurs
  A phantom (D:6)
  7 bullfrogs
  A gnoll sergeant (D:7)
  5 kobold brigands
  6 scorpions
  2 wights (D:10)
  16 killer bees
  2 howler monkeys
  3 jellies
  A gnoll bouda (D:6)
  7 orc priests
  Crazy Yiuf (D:7)
  8 iguanas
  A sleepcap (D:7)
  14 orc wizards
  17 gnolls
  6 adders
  2 white imps
  An ufetubus (D:7)
  5 dart slugs
  23 orcs
  7 bats
  8 endoplasms
  3 giant cockroaches
  10 goblins
  5 hobgoblins
  11 jackals
  25 kobolds
  3 quokkas
  7 ball pythons
  4 frilled lizards
  10 rats
281 creatures vanquished.

Vanquished Creatures (others)
  A komodo dragon (D:8)
1 creature vanquished.

Grand Total: 282 creatures vanquished

Notes
Turn   | Place    | Note
-------+----------+-------------------------------------------
     0 | D:1      | Peloso the Minotaur Fighter began the quest for the Orb.
     0 | D:1      | Reached XP level 1. HP: 19/19 MP: 0/0
    77 | D:1      | Reached XP level 2. HP: 26/27 MP: 1/1
   335 | D:1      | Reached XP level 3. HP: 33/33 MP: 2/2
   377 | D:1      | Reached skill level 3 in Long Blades
  1313 | D:2      | Reached XP level 4. HP: 39/41 MP: 3/3
  1381 | D:2      | Reached skill level 1 in Dodging
  1749 | D:2      | Identified a scroll of acquirement
  1749 | D:2      | Acquired the +4 pair of boots of the Guilds {Regen+}
  2129 | D:3      | Found a runed translucent door.
  2135 | D:3      | Noticed Destapler's ghost (amateur GnWn)
  2161 | D:3      | Reached XP level 5. HP: 44/47 MP: 4/4
  2542 | D:4      | Reached skill level 4 in Long Blades
  2811 | D:4      | Noticed an ogre
  2819 | D:4      | Killed an ogre
  2820 | D:4      | Reached skill level 5 in Armour
  2820 | D:4      | Reached XP level 6. HP: 19/53 MP: 5/5
  2881 | D:4      | Reached skill level 5 in Long Blades
  3283 | D:4      | Reached skill level 6 in Long Blades
  3283 | D:4      | Reached XP level 7. HP: 60/60 MP: 6/6
  3423 | D:4      | Identified the +4 sling of Wariness {speed, rC+ Will+
                  | Str+2}
  3975 | D:5      | Entered Level 5 of the Dungeon
  4161 | D:5      | Reached skill level 5 in Fighting
  4161 | D:5      | Reached skill level 7 in Long Blades
  4161 | D:5      | Reached skill level 5 in Shields
  4460 | D:5      | Reached XP level 8. HP: 68/68 MP: 7/7
  4569 | D:5      | Identified the ring "Aneeloup" {EV+5 Int+2}
  4581 | D:5      | Reached skill level 8 in Long Blades
  5153 | D:6      | Found a staircase to the Ecumenical Temple.
  5220 | D:6      | Reached skill level 1 in Stealth
  5226 | Temple   | Entered the Ecumenical Temple
  5315 | Temple   | Became a worshipper of Warmaster Okawaru
  5471 | D:6      | Reached skill level 9 in Long Blades
  5815 | D:6      | Reached XP level 9. HP: 65/75 MP: 8/8
  5950 | D:6      | Noticed Eustachio
  5978 | D:6      | Killed Eustachio
  5979 | D:6      | Reached skill level 10 in Long Blades
  6185 | D:7      | Reached * piety under Okawaru
  6291 | D:7      | Found a runed translucent door.
  6292 | D:7      | Noticed Crazy Yiuf
  6807 | D:7      | Reached skill level 11 in Long Blades
  6995 | D:7      | Killed Crazy Yiuf
  7156 | D:8      | Reached ** piety under Okawaru
  7205 | D:8      | Reached XP level 10. HP: 43/88 MP: 9/9
  7299 | D:8      | Paralysed by a hornet for 2 turns
  7401 | D:8      | Noticed a two-headed ogre
  7423 | D:8      | Killed a two-headed ogre
  7424 | D:8      | Reached skill level 12 in Long Blades
  7620 | D:8      | Reached *** piety under Okawaru
  7721 | D:8      | Noticed a centaur warrior
  7731 | D:8      | Killed a centaur warrior
  7732 | D:8      | Reached skill level 10 in Armour
  8029 | D:8      | Found a staircase to the Lair.
  8165 | D:8      | Noticed a centaur warrior
  8165 | D:8      | Noticed a cyclops
  8165 | D:8      | Noticed a manticore
  8165 | D:8      | Noticed a gargoyle
  8184 | D:8      | Killed a centaur warrior
  8184 | D:8      | Reached **** piety under Okawaru
  8185 | D:8      | Reached skill level 13 in Long Blades
  8185 | D:8      | Reached XP level 11. HP: 71/99 MP: 8/10
  8229 | D:8      | Reached skill level 10 in Fighting
  8478 | D:8      | Noticed a brown ugly thing
  8504 | D:8      | Killed a brown ugly thing
  9038 | D:9      | Noticed Harold
  9057 | D:9      | Killed Harold
  9058 | D:9      | Reached skill level 1 in Invocations
  9298 | D:9      | Found Kethe's Gadget Gallery.
  9597 | D:10     | Entered Level 10 of the Dungeon
  9605 | D:10     | Found a shadowy altar of Dithmenos.
  9633 | D:10     | Found a radiant altar of Vehumet.
  9636 | D:10     | Found a snail-covered altar of Cheibriados.
  9636 | D:10     | Found a shimmering blue altar of Sif Muna.
  9670 | D:10     | Found a bloodstained altar of Trog.
  9691 | D:10     | Noticed a centaur warrior
  9700 | D:10     | Killed a centaur warrior
  9702 | D:10     | Noticed a boulder beetle
  9707 | D:10     | Reached skill level 14 in Long Blades
  9707 | D:10     | Identified the amulet of Amelioration {RegenMP rElec rN+
                  | Will-}
  9712 | D:10     | Noticed a skeletal warrior
  9743 | D:10     | Found a snail-covered altar of Cheibriados.
  9743 | D:10     | Found a stormy altar of Qazlal.
  9745 | D:10     | Found a basalt altar of Yredelemnul.
  9745 | D:10     | Found an ancient bone altar of Kikubaaqudgha.
  9745 | D:10     | Found a staircase to the Orcish Mines.
  9848 | D:10     | Found a hide-covered altar of Uskayaw.
 10152 | D:10     | Noticed a boulder beetle
 10175 | D:10     | Killed a boulder beetle
 10177 | D:10     | Found the +2 pair of slick slippers {slick, slippery, EV+4}
 10197 | D:10     | Reached XP level 12. HP: 34/110 MP: 9/11
 10202 | D:10     | HP: 5/110 [kobold brigand/+3 dagger (6)]
 10205 | D:10     | Slain by a kobold brigand

Illustrated notes

Levels and vault maps discovered:
D:1:      minmay_arrival_semitransparent, layout_loops_ring, minmay_tromino_v4_c
D:2:      layout_loops_corners
D:3:      layout_loops_ring, ebering_ghost_sewer_d, kennysheep_cluttered_room
D:4:      kb_forest_paths, layout_layer_cave, st_stairs_10
D:5:      layout_layer_cave
D:6:      minmay_flawed_box, layout_loops_ring, minmay_temple_entry_crystal_x,
          nicolae_nh_ransacked_shop, uniq_eustachio
D:7:      layout_basic, uniq_crazy_yiuf_cottage
D:8:      layout_basic, erik_lair_dragon, minmay_shattered_shrine
D:9:      layout_stronghold, nicolae_shop_gadgets, uniq_harold
D:10:     minmay_the_grid_octo_2x2 [minmay_the_grid_octo_fat_diamond,
          minmay_the_grid_octo_shrine, minmay_the_grid_octo_tetromino_candy,
          minmay_the_grid_octo_prize_star], layout_gridville,
          nicolae_overflow_hallway_of_the_gods, overflow_temple_1_default,
          minmay_misc_feat_pillars
Temple:   eino_temple_scatter_basement

Skill      XL: |  1  2  3  4  5  6  7  8  9 10 11 |
---------------+----------------------------------+-----
Fighting       | 4 5 7 9 11 | 11.2
Shields        | 4 5 6 7 8 |  8.9
Armour         | 4 5 6 8 9 10 12 | 12.5
Long Blades    | 3 4 6 7 9 11 13 14 | 14.4
Dodging        | 1 2 3 |  3.3
Stealth        | 1 |  1.1
Invocations    | 1 |  1.2
Evocations     | |  0.5

Action                     |  1- 3 |  4- 6 |  7- 9 | 10-12 || total
---------------------------+-------+-------+-------+-------++-------
  Melee: Long sword        |   135 |   146 |   438 |   549 ||  1268
         Headbutt          |    10 |    24 |    90 |   144 ||   268
 Invoke: Heroism           |       |       |       |    16 ||    16
  Evoke: Wand              |       |       |       |     9 ||     9
    Use: Potion            |     2 |       |       |     2 ||     4
         Scroll            |       |    11 |     1 |     2 ||    14
 Armour: Scale mail        |    81 |    44 |       |       ||   125
         Chain mail        |       |    69 |   125 |       ||   194
         Plate armour      |       |       |   109 |   325 ||   434
  Dodge: Dodged            |    69 |    68 |   117 |   169 ||   423
  Block: Buckler           |    46 |    39 |    78 |   151 ||   314
